 Dungeon Crawl Stone Soup version 0.26.1-11-gd32895ea62 (webtiles) character file.

Game seed: 11351249325764916864

142 adizb the Sneak (level 5, 0/35 HPs)
             Began as an Octopode Brigand on June 25, 2021.
             Slain by an adder (2 damage)
             ... on level 3 of the Dungeon.
             The game lasted 00:14:39 (1949 turns).

adizb the Sneak (Octopode Brigand)                  Turns: 1949, Time: 00:14:39

Health: 0/35       AC:  1    Str: 10    XL:     5   Next: 24%
Magic:  5/5        EV: 13    Int: 13    God:
Gold:   63         SH:  0    Dex: 15    Spells: 4/4 levels left

rFire    . . .     SeeInvis .   a - +2 dagger
rCold    . . .     Faith    .   (no shield)
rNeg     . . .     Spirit   .   (helmet restricted)
rPois    .         Reflect  .   (no amulet)
rElec    .         Harm     .   (no ring)
rCorr    .         Rampage  .   (no ring)
Will     .....                  (no ring)
Stlth    +++++.....             (no ring)
HPRegen  0.11/turn              (no ring)
MPRegen  0.09/turn              (no ring)
                                (no ring)
                                (no ring)

@: no status effects
A: almost no armour, stealthy swim, amphibious, 8 rings, constrict 8, camouflage
1, gelatinous body 1
a: no special abilities


You were on level 3 of the Dungeon.
You visited 1 branch of the dungeon, and saw 3 of its levels.

You collected 63 gold pieces.

Inventory:

Hand Weapons
 a - a +2 dagger (weapon)
 i - a +0 hunting sling
Missiles
 b - 8 poisoned darts
 c - 2 curare-tipped darts
 d - 72 stones (quivered)
 e - 2 javelins
 h - 15 sling bullets
Armour
 j - a +0 chain mail
Jewellery
 p - an uncursed ring of wizardry {unknown}
Scrolls
 k - 4 scrolls of identify {unknown}
 l - a scroll of fear {unknown}
 m - a scroll of teleportation {unknown}
 o - a scroll of remove curse {unknown}
Potions
 f - 2 potions of curing {unknown}
 g - a potion of heal wounds {unknown}


   Skills:
 + Level 2.3 Fighting
 + Level 2.9 Short Blades
 + Level 2.2 Throwing
 + Level 1.2 Dodging
 + Level 7.8 Stealth


You had 4 spell levels left.
You didn't know any spells.
Your spell library was empty.

Dungeon Overview and Level Annotations

Branches:
Dungeon (3/15)

Altars:
Uskayaw


Innate Abilities, Weirdness & Mutations

You cannot wear most types of armour.
You are very stealthy in the water. (Stealth+)
You are amphibious.
You can wear up to eight rings at the same time.
You can use your tentacles to constrict eight enemies at once.
Your skin changes colour to match your surroundings (Stealth+).
Your rubbery body absorbs attacks. (AC +1, EV +1)


Message History

An adder comes into view.
The orc priest hits you with a +0 flail!
The orc shouts!
You are too injured to fight recklessly!
The orc shouts!
You are too injured to fight recklessly!
The adder hisses angrily.
The orc priest mumbles some strange prayers to Beogh against you.
You barely resist. The adder closely misses you.
The adder completely misses you. The orc priest barely misses you.
The orc priest invokes the aid of Beogh against you.
Beogh smites you!
* * * LOW HITPOINT WARNING * * *
The adder closely misses you. The orc hits you with a +0 dagger.
* * * LOW HITPOINT WARNING * * *
It was a potion of cancellation.
You feel magically purged. The adder bites you.
You die...

....####.......##................
................................#
....####....<........#..........#
...........)...........###.##....
...................###...........
...#................##...........
...#.#..†.....†.....##...........
.....#..†........o........)......
...###.).......#@S..............#
.. #.........#.oo.............#
#..........#............#...#
.............#.....†......##.##
..............#......o...#...).#
...............#..........#.....#
..........##...#......>...#.....#
.....##...# .....................
..$.................


You could see an orc priest, an adder and 3 orcs.

Vanquished Creatures
  An orc wizard (D:3)
  5 adders
  An ooze (D:1)
  2 worms (D:2)
  3 dart slugs
  2 leopard geckos
  4 orcs
  6 bats
  A giant cockroach (D:3)
  4 goblins
  8 hobgoblins
  5 kobolds
  4 frilled lizards
  A quokka skeleton (D:3)
  6 rats
53 creatures vanquished.

Notes
Turn   | Place    | Note
-------+----------+-------------------------------------------
     0 | D:1      | adizb the Octopode Brigand began the quest for the Orb.
     0 | D:1      | Reached XP level 1. HP: 14/14 MP: 1/1
   102 | D:1      | Reached skill level 6 in Stealth
   102 | D:1      | Reached XP level 2. HP: 6/19 MP: 2/2
   675 | D:2      | Reached XP level 3. HP: 22/24 MP: 3/3
   854 | D:2      | Reached skill level 7 in Stealth
   854 | D:2      | Reached XP level 4. HP: 17/29 MP: 4/4
  1510 | D:3      | Found a hide-covered altar of Uskayaw.
  1843 | D:3      | Reached XP level 5. HP: 30/34 MP: 5/5
  1949 | D:3      | Slain by an adder

Illustrated notes

Levels and vault maps discovered:
D:1:      denvon_arrival_hothouse, layout_rooms
D:2:      minmay_chambers_of_twos, layout_basic
D:3:      layout_basic, old_standard_altar, grunt_gozag_statues,
          lemuel_round_altar, chequers_ecumenical_altar_twisty

Skill      XL: |  1  2  3 |
---------------+----------+-----
Stealth        | 6 7 |  7.8
Fighting       | |  2.3
Short Blades   | |  2.9
Throwing       | |  2.2
Dodging        | |  1.2

Action                   |  1- 3 |  4- 6 || total
-------------------------+-------+-------++-------
Melee: Dagger            |    34 |    68 ||   102
       Tentacles         |     3 |    12 ||    15
       Constrict         |     5 |    13 ||    18
Throw: Stone             |    10 |     2 ||    12
       Dart              |       |     3 ||     3
       Javelin           |       |     2 ||     2
  Use: Potion            |       |     1 ||     1
 Stab: Sleeping          |    14 |     9 ||    23
Armor: Skin              |       |     6 ||     6
Dodge: Dodged            |    10 |    51 ||    61
